[Event "Kvibergspelen 2018"]
[Site "Prioritet Serneke Arena, Krutvagen 2, Gothenburg, Sweden"]
[Date "2018.04.21"]
[Round "6.8"]
[White "Arman, Deniz"]
[Black "Al Waeli, Laith"]
[Result "1-0"]
[TimeControl "15 minutes + 5 seconds per move from move one (Round 1 - 4) / 90 minutes + 30 seconds per move from move one (Round 5 - 8)"]
[WhiteTitle "FM"]
[BlackTitle "FM"]
[WhiteFideId "6302106"]
[BlackFideId "4801059"]
[WhiteElo "2359"]
[BlackElo "2109"]

1. e4 g6 2. d4 Bg7 3. Nc3 d6 4. f4 Nc6 5. Be3 e5 6. dxe5 dxe5 7. Qxd8+ Kxd8 8. O-O-O+ Bd7 9. Bc4 Nh6 10. h3 Kc8 11.
Nf3 Re8 12. fxe5 a6 13. Rhf1 Nd8 14. Nd5 Be6 15. Bb3 Ng8 16. Ng5 Bxd5 17. Bxd5 Bh6 18. Bxf7 1-0

[Event "Kvibergspelen 2018"]
[Site "Prioritet Serneke Arena, Krutvagen 2, Gothenburg, Sweden"]
[Date "2018.04.21"]
[Round "6.9"]
[White "Al Hadarani, Hatim"]
[Black "Gonzalez, Emilio"]
[Result "1-0"]
[TimeControl "15 minutes + 5 seconds per move from move one (Round 1 - 4) / 90 minutes + 30 seconds per move from move one (Round 5 - 8)"]
[WhiteTitle "FM"]
[WhiteFideId "9400273"]
[BlackFideId "1721062"]
[WhiteElo "2334"]
[BlackElo "1921"]

1. e4 c5 2. a3 g6 3. b4 Bg7 4. c3 b6 5. d4 Bb7 6. f3 cxd4 7. cxd4 Nc6 8. Be3 Nf6 9. Bd3 O-O 10.
Ne2 d6 11. O-O Ne8 12. Nd2 Nc7 13. Nb3 Qd7 14. Qd2 Rfc8 15. Ra2 d5 16. e5 f6 17. f4 f5 18. g4 e6 19. Ng3 Ne7 20.
gxf5 Nxf5 21. Nxf5 gxf5 22. Kh1 Nb5 23. Qe1 Rc3 24. Nc1 Rac8 25. Rg1 Kh8 26. Rag2 Nxd4 27. Bxd4 Rxc1 28. Qxc1 Rxc1 29.
Rxc1 Bh6 30. Rcg1 Qf7 31. Bxf5 Bxf4 32. Bxe6 Qxe6 33. Rg8 Qxg8 34. e6 Qg7 35. Rxg7 Be3 36. Rxb7 1-0

[Event "Kvibergspelen 2018"]
[Site "Prioritet Serneke Arena, Krutvagen 2, Gothenburg, Sweden"]
[Date "2018.04.21"]
[Round "6.10"]
[White "Subramanian, Aditya"]
[Black "Kucuksari, Kaan"]
[Result "0-1"]
[TimeControl "15 minutes + 5 seconds per move from move one (Round 1 - 4) / 90 minutes + 30 seconds per move from move one (Round 5 - 8)"]
[BlackTitle "FM"]
[WhiteFideId "1718924"]
[BlackFideId "6380166"]
[WhiteElo "2128"]
[BlackElo "2251"]

1. d4 Nf6 2. Nf3 e6 3. e3 b6 4. Bd3 Bb7 5. O-O Be7 6. c4 O-O 7. Nc3 d5 8. b3 Nbd7 9. Bb2 c5 10. cxd5 exd5 11. Rc1 Rc8 12. Qe2 Re8 13. Ba6 Qc7 14. dxc5 bxc5 15. Bxb7 Qxb7 16. Qb5 Qxb5 17. Nxb5 a6 18. Nc3 Nb6 19. Rc2 Red8 20. Ne2 Ne4 21. Ba3 f5 22. Rfc1 Bf8 23. Nf4 Re8 24. Nd3 c4 25. Bxf8 cxd3 26. Rxc8 Rxc8 27. Rxc8 Nxc8 28. Bb4 Na7 29. Kf1 Nc6 30. Bd2 Kf7 31. Ke1 Ke6 32. Nd4+ Nxd4 33. exd4 Nd6 34. Bc3 f4 35. Bb4 f3 36. gxf3 Nf5 37. Bc5 Nh4 38. Kd2 Nxf3+ 39. Kxd3 Nxh2 40. b4 Kd7 41. Bf8 g5 42. Ke2 g4 43. Ke3 h5 44. Kf4 h4 45. Bg7 h3 46. f3 Nf1 0-1

[Event "Kvibergspelen 2018"]
[Site "Prioritet Serneke Arena, Krutvagen 2, Gothenburg, Sweden"]
[Date "2018.04.21"]
[Round "6.11"]
[White "Harren, Mats"]
[Black "Johansson, Gunnar"]
[Result "0-1"]
[TimeControl "15 minutes + 5 seconds per move from move one (Round 1 - 4) / 90 minutes + 30 seconds per move from move one (Round 5 - 8)"]
[WhiteFideId "1703943"]
[BlackFideId "1703501"]
[WhiteElo "2098"]
[BlackElo "2212"]

1. e4 g6 2. d4 Bg7 3. Nc3 d6 4. Bg5 h6 5. Be3 a6 6. Qd2 b5 7. Bd3 Nd7 8. a4 b4 9. Nce2 a5 10.
c3 bxc3 11. bxc3 Ngf6 12. f3 Ba6 13. Bxa6 Rxa6 14. Nh3 Nb6 15. Qd3 Ra8 16. O-O O-O 17. Rfb1 Qd7 18. Qb5 Rfb8 19. Qxd7 Nfxd7 20. Nhf4 Nc4 21. Kf2 c6 22. Nd3 Rxb1 23. Rxb1 Rb8 24. Rxb8+ Nxb8 25. Bc1 Nd7 26. Nb2 Nxb2 27. Bxb2 Nb6 28.
Bc1 Nxa4 29. Ke3 Nb6 30. Kd3 d5 31. Kc2 e6 32. Nf4 Kf8 33. Nd3 Ke8 34. Kb3 h5 35. Bf4 Kd7 36. e5 Bf8 37.
g4 a4+ 38. Ka2 Be7 39. gxh5 gxh5 40. Bh6 Nc4 41. Nb2 Nxb2 42. Kxb2 c5 43. Bc1 Kc6 44. Be3 Kb5 45. Bf2 Kc4 46.
Ka3 cxd4+ 47. Kxa4 0-1

[Event "Kvibergspelen 2018"]
[Site "Prioritet Serneke Arena, Krutvagen 2, Gothenburg, Sweden"]
[Date "2018.04.21"]
[Round "6.12"]
[White "Ronneland, Daniel"]
[Black "Strom-Engdahl, Alexander"]
[Result "1/2-1/2"]
[TimeControl "15 minutes + 5 seconds per move from move one (Round 1 - 4) / 90 minutes + 30 seconds per move from move one (Round 5 - 8)"]
[WhiteFideId "1702130"]
[BlackFideId "1741586"]
[WhiteElo "2201"]
[BlackElo "1720"]

1. e4 Nf6 2. e5 Nd5 3. d4 d6 4. c4 Nb6 5. exd6 exd6 6. Nf3 Bg4 7. Be2 Be7 8. O-O O-O 9. Nc3 Nc6 10. d5 Bxf3 11. gxf3 Ne5 12.
b3 Bf6 13. Qc2 Re8 14. Be3 Qc8 15. Kg2 Ng6 1/2-1/2

[Event "Kvibergspelen 2018"]
[Site "Prioritet Serneke Arena, Krutvagen 2, Gothenburg, Sweden"]
[Date "2018.04.21"]
[Round "6.13"]
[White "Rasti, Arvin"]
[Black "Wengholm, Anders"]
[Result "1/2-1/2"]
[TimeControl "15 minutes + 5 seconds per move from move one (Round 1 - 4) / 90 minutes + 30 seconds per move from move one (Round 5 - 8)"]
[WhiteFideId "1741160"]
[BlackFideId "1704818"]
[WhiteElo "1920"]
[BlackElo "2158"]

1. d4 Nf6 2. c4 e6 3. Nc3 Bb4 4. e3 O-O 5. Bd3 c5 6. Nf3 d6 7. Bd2 Nc6 8. a3 Ba5 9. d5 exd5 10.
cxd5 Ne7 11. e4 Ng6 12. O-O Re8 13. Re1 Bg4 14. h3 Bxf3 15. Qxf3 Ne5 16. Qe3 a6 17. a4 Nxd3 18. Qxd3 Nd7 19.
Qg3 Qe7 20. Bf4 1/2-1/2

[Event "Kvibergspelen 2018"]
[Site "Prioritet Serneke Arena, Krutvagen 2, Gothenburg, Sweden"]
[Date "2018.04.21"]
[Round "6.14"]
[White "Crevatin, Leo"]
[Black "Eriksson, Lennarth"]
[Result "1-0"]
[TimeControl "15 minutes + 5 seconds per move from move one (Round 1 - 4) / 90 minutes + 30 seconds per move from move one (Round 5 - 8)"]
[WhiteFideId "1726307"]
[BlackFideId "1707736"]
[WhiteElo "2157"]
[BlackElo "2098"]

1. d4 Nf6 2. c4 c5 3. d5 e6 4. Nc3 exd5 5. cxd5 Bd6 6. g3 O-O 7. Bg2 Bc7 8. Nf3 d6 9. O-O Re8 10.
Nd2 Ba5 11. a4 Bxc3 12. bxc3 b6 13. Re1 Ba6 14. c4 Nbd7 15. Bb2 Ne5 16. Qc2 Qd7 17. f4 Ng6 18. e4 Rad8 19. Qc3 Re7 20.
h3 h5 21. Qf3 h4 22. g4 Nh7 23. Rf1 Rde8 24. Qb3 f6 25. Rae1 Bb7 26. Qc2 Nhf8 27. Qb3 Bc8 28. Rf2 Qc7 29.
Rb1 Qd8 30. Qc2 a6 31. Bf1 Rb7 32. Bd3 Nh8 33. Nf3 Nhg6 34. Ne1 Nh8 35. Nf3 Nhg6 36. Ne1 Nh8 37. Ng2 Nf7 38. Nxh4 g5 39.
fxg5 fxg5 40. Bf6 Qc7 41. Nf3 Nh7 42. Bc3 Qe7 43. e5 Nxe5 44. Bxe5 dxe5 45. Re1 Qd6 46. Bxh7+ Rxh7 47. Nxg5 1-0

[Event "Kvibergspelen 2018"]
[Site "Prioritet Serneke Arena, Krutvagen 2, Gothenburg, Sweden"]
[Date "2018.04.21"]
[Round "6.15"]
[White "Bergre, Joachim"]
[Black "Bjorklund, Thomas"]
[Result "0-1"]
[TimeControl "15 minutes + 5 seconds per move from move one (Round 1 - 4) / 90 minutes + 30 seconds per move from move one (Round 5 - 8)"]
[WhiteFideId "1704893"]
[BlackFideId "1724576"]
[WhiteElo "1974"]
[BlackElo "2156"]

1. c4 c5 2. g3 g6 3. Bg2 Bg7 4. Nc3 Nf6 5. a3 Nc6 6. Rb1 O-O 7. b4 cxb4 8. axb4 e6 9. Nf3 d5 10. b5 Ne7 11. cxd5 Nexd5 12. Nxd5 Nxd5 13. O-O Qb6 14.
Qb3 Bd7 15. Bb2 Bxb2 16. Qxb2 Nc7 17. Ne5 Bxb5 18. Ng4 e5 19. Qxe5 f6 20. Qc3 h5 21. Ne3 a6 22. Rfc1 Ne6 23.
Nd5 Qd4 24. e3 Qxc3 25. Rxc3 Rad8 26. d4 Rd7 27. Nb4 Kg7 28. Rbc1 Rfd8 29. h4 g5 30. Bh3 g4 31. Bg2 f5 32.
Rc8 a5 33. Na2 Rxc8 34. Rxc8 Rc7 35. Rxc7+ Nxc7 36. Bxb7 a4 37. d5 Bc4 38. d6 Ne6 39. Nb4 Bb3 40. Bd5 Nc5 41. Bxb3 axb3 42.
Nd3 Nxd3 43. d7 b2 44. d8=Q b1=Q+ 45. Kh2 Ne5 46. Qc7+ Nf7 47. Qc3+ Kf8 48. Qc5+ Ke8 49. Qc6+ Ke7 50.
Qc7+ Ke6 51. Qc4+ Kf6 52. Qc6+ Kg7 53. Qc3+ Kh7 54. Qf6 Kg8 55. Qg6+ Kf8 56. Qc6 Qe4 57. Qc5+ Kg7 58. Qc3+ Qe5 59.
Qc6 Qd6 60. Qc3+ Kg6 61. Qc4 Kg7 62. Qc2 Qd5 63. Qc3+ Ne5 64. Qc7+ Kg6 65. Qb6+ Qc6 0-1

[Event "Kvibergspelen 2018"]
[Site "Prioritet Serneke Arena, Krutvagen 2, Gothenburg, Sweden"]
[Date "2018.04.21"]
[Round "6.16"]
[White "Fransson, Lennart"]
[Black "Naslund, Mikael"]
[Result "0-1"]
[TimeControl "15 minutes + 5 seconds per move from move one (Round 1 - 4) / 90 minutes + 30 seconds per move from move one (Round 5 - 8)"]
[BlackTitle "FM"]
[WhiteFideId "1706756"]
[BlackFideId "1708260"]
[WhiteElo "2035"]
[BlackElo "2224"]

1. c4 e6 2. g3 d5 3. Bg2 Nf6 4. Nf3 dxc4 5. Qa4+ Nbd7 6. Qxc4 a6 7. a4 b5 8. Qc2 Bb7 9. O-O Be7 10. b3 O-O 11. d3 c5 12. Nc3 Nd5 13. Nxd5 Bxd5 14. e4 Bb7 15.
Be3 Qb6 16. Rfd1 Rac8 17. h3 Rfd8 18. Qe2 e5 19. Qa2 Qc7 20. Rac1 Qb8 21. Rc2 Nf8 22. h4 Rc6 23. Qb2 f6 24.
Ne1 Ne6 25. axb5 axb5 26. Rdc1 Nd4 27. Bxd4 Rxd4 28. Rd2 Qd8 29. Bf1 Bc8 30. Nc2 Rdd6 31. Ne3 Be6 32. Rdd1 Rc7 33. b4 cxb4 34.
Rxc7 Qxc7 35. Qxb4 Rb6 36. Qb2 Bc5 37. Nc2 b4 38. d4 exd4 39. Nxd4 Qe5 40. Nxe6 Qxb2 41. Nxc5 Rb8 42. Bc4+ Kh8 43.
Bb3 Qc3 44. Rd5 g6 0-1

[Event "Kvibergspelen 2018"]
[Site "Prioritet Serneke Arena, Krutvagen 2, Gothenburg, Sweden"]
[Date "2018.04.21"]
[Round "6.17"]
[White "Fransson, Patrick"]
[Black "Nguyen, Gabriel"]
[Result "1-0"]
[TimeControl "15 minutes + 5 seconds per move from move one (Round 1 - 4) / 90 minutes + 30 seconds per move from move one (Round 5 - 8)"]
[WhiteFideId "1709305"]
[BlackFideId "1720791"]
[WhiteElo "2176"]
[BlackElo "2024"]

1. d4 g6 2. e4 Bg7 3. c4 d6 4. Nc3 Nf6 5. f3 O-O 6. Be3 Nc6 7. Qd2 a6 8. Bd3 Nd7 9. Nge2 e5 10.
d5 Nd4 11. O-O c5 12. f4 exf4 13. Bxf4 Ne5 14. Nxd4 cxd4 15. Ne2 Qb6 16. Rab1 Bg4 17. Kh1 Rac8 18. h3 Bd7 19. b3 Rce8 20.
Rbe1 h5 21. Bb1 d3 22. Ng1 f5 23. Bxe5 dxe5 24. Bxd3 f4 25. Rc1 g5 26. c5 Qf6 27. Be2 g4 28. Rc3 Bh6 29. Qd1 Qg6 30.
c6 bxc6 31. dxc6 Bxc6 32. hxg4 hxg4 33. Bxg4 Rd8 34. Qe2 Bb5 35. Rc4 f3 36. Rxf3 Rxf3 37. Qxf3 Bxc4 38. bxc4 Rf8 39. Bf5 Qg5 40.
Nh3 Qc1 41. Kh2 Qxc4 42. Qg4+ Kh8 43. Qg6 Rxf5 44. Qxh6 Kg8 45. Qg6+ Kh8 46. Qxf5 Qxa2 47. Qxe5 Kh7 48. Qf5 Kg7 49.
Nf4 Qd2 50. e5 Qe1 51. Qf6+ Kg8 52. e6 1-0

[Event "Kvibergspelen 2018"]
[Site "Prioritet Serneke Arena, Krutvagen 2, Gothenburg, Sweden"]
[Date "2018.04.21"]
[Round "6.18"]
[White "Berg, Roy"]
[Black "Bengtsson, Siv"]
[Result "1-0"]
[TimeControl "15 minutes + 5 seconds per move from move one (Round 1 - 4) / 90 minutes + 30 seconds per move from move one (Round 5 - 8)"]
[WhiteFideId "1711458"]
[BlackFideId "1701673"]
[WhiteElo "1961"]
[BlackElo "2125"]

1. d4 Nf6 2. Nf3 g6 3. g3 Bg7 4. Bg2 d5 5. c4 O-O 6. O-O Nc6 7. cxd5 Nxd5 8. Nc3 Nb6 9. e3 e5 10. d5 Ne7 11. e4 Bd7 12.
Bg5 Nc4 13. Qe2 Nd6 14. Nd2 f6 15. Be3 f5 16. f3 c6 17. Bc5 Qc7 18. Nc4 Nec8 19. Nxd6 Nxd6 20. Rad1 Rf6 21. Be3 c5 22.
f4 Rf7 23. h4 Re8 24. Qc2 b5 25.
a4 a6 26. b3 c4 27. axb5 axb5 28. b4 fxe4 29. fxe5 Rxf1+ 30. Rxf1 Bxe5 31. Nxe4 Nf5 32. Bc5 Nxg3 33. d6 Qd8 34.
Nxg3 Bxg3 35. Bd5+ Be6 36. Qe4 Qc8 37. Kg2 Bxh4 38. Bxe6+ Qxe6 39. Qxh4 Qd5+ 40. Kg1 Re4 41. Qd8+ Kg7 42.
Qf8+ 1-0

[Event "Kvibergspelen 2018"]
[Site "Prioritet Serneke Arena, Krutvagen 2, Gothenburg, Sweden"]
[Date "2018.04.21"]
[Round "6.19"]
[White "Strom, Leif"]
[Black "Larsson, Patrik"]
[Result "1/2-1/2"]
[TimeControl "15 minutes + 5 seconds per move from move one (Round 1 - 4) / 90 minutes + 30 seconds per move from move one (Round 5 - 8)"]
[WhiteFideId "1709410"]
[BlackFideId "1713744"]
[WhiteElo "2111"]
[BlackElo "2006"]

1. c4 g6 2. g3 Bg7 3. Bg2 d6 4. Nc3 Nf6 5. e4 c5 6. Nge2 Nc6 7. d3 O-O 8. O-O Bg4 9. h3 Bxe2 10. Nxe2 Ne8 11. Rb1 Nc7 12. Be3 Ne6 13. f4 Ned4 14. f5 Nxe2+ 15. Qxe2 Qa5 16. a3 Qa4 17. Qd2 Nd4 18. Bxd4 Bxd4+ 19. Kh2 Rab8 20. Bf3 b5 21. Bd1 Qa6 22. Bb3 b4 23.
a4 Qc6 24. Kg2 Kh8 25. Rf3 gxf5 26. Rxf5 e6 27. Rf3 f5 28. Rbf1 Rf6 29. Kh2 Rbf8 30. exf5 Rxf5 31. Rxf5 Rxf5 32.
Rxf5 exf5 33. Bd1 Qe8 34. b3 Qe3 35. Qxe3 Bxe3 36. Kg2 Kg7 37. Kf3 Bd4 38. g4 Kf6 39. Kf4 Be5+ 40. Ke3 Bd4+ 41.
Kf4 Be5+ 42. Ke3 1/2-1/2

[Event "Kvibergspelen 2018"]
[Site "Prioritet Serneke Arena, Krutvagen 2, Gothenburg, Sweden"]
[Date "2018.04.21"]
[Round "6.20"]
[White "Aroven, Mikael"]
[Black "Bergenwall, Henric"]
[Result "1/2-1/2"]
[TimeControl "15 minutes + 5 seconds per move from move one (Round 1 - 4) / 90 minutes + 30 seconds per move from move one (Round 5 - 8)"]
[WhiteFideId "1709534"]
[BlackFideId "1747924"]
[WhiteElo "2106"]
[BlackElo "1963"]

1. Nf3 Nf6 2. c4 c5 3. e3 e6 4. b3 Be7 5. Bb2 O-O 6. a3 b6 7. Nc3 Bb7 8. Bd3 d5 9. Qc2 h6 10. h3 Nbd7 11. O-O d4 12. Ne4 dxe3 13. dxe3 Nxe4 14. Bxe4 Bxe4 15. Qxe4 Bf6 16. Qc2 Qc7 17.
Rfd1 Rad8 18. Rd2 Bxb2 19. Qxb2 Nf6 20. Rad1 Ne4 21. Rd3 Nf6 22. Qe5 Qxe5 23. Nxe5 Rxd3 24. Rxd3 Rc8 25. f3 Kf8 26.
Nd7+ Ke7 27. Nxf6 gxf6 28. Kf2 a6 29. e4 b5 30. Rc3 Kd6 31. Rd3+ Kc6 32. f4 bxc4 33. bxc4 Rb8 34. e5 fxe5 35. fxe5 Rb2+ 36. Kf3 Kc7 37. Kg3 Rc2 38. Rf3 Rxc4 39. Rxf7+ Kc6 40. Rf6 Kd5 41. Rxh6 Ra4 42. h4 c4 43. Kf4 c3+ 44.
Ke3 Rd4 45. Rh8 c2 46. Rc8 Rxh4 47. Rxc2 Ra4 48. Rc3 Kxe5 49. g3 Kf5 50. Kf3 e5 1/2-1/2

[Event "Kvibergspelen 2018"]
[Site "Prioritet Serneke Arena, Krutvagen 2, Gothenburg, Sweden"]
[Date "2018.04.22"]
[Round "7.1"]
[White "Blomqvist, Erik"]
[Black "Lindberg, Bengt"]
[Result "1-0"]
[TimeControl "15 minutes + 5 seconds per move from move one (Round 1 - 4) / 90 minutes + 30 seconds per move from move one (Round 5 - 8)"]
[WhiteTitle "GM"]
[BlackTitle "IM"]
[WhiteFideId "1709437"]
[BlackFideId "1700359"]
[WhiteElo "2494"]
[BlackElo "2385"]

1. Nf3 Nf6 2. c4 c5 3. Nc3 e6 4. g3 b6 5. Bg2 Bb7 6. O-O Be7 7. d4 cxd4 8. Qxd4 d6 9. Rd1 a6 10.
Bg5 Nbd7 11. Qd2 O-O 12. Bf4 Ne8 13. Rac1 Rc8 14. b3 Qc7 15. Qe3 Qb8 16. Bh3 Bxf3 17. exf3 Ne5 18. Qe2 Nf6 19.
Be3 g6 20. f4 Ned7 21. Bd4 Rfe8 22. Ne4 Nxe4 23. Qxe4 Rcd8 24. b4 Bf8 25. a3 a5 26. Qc6 Qa7 27. Qb5 Qc7 28. Bg2 Rc8 29.
Be3 axb4 30. axb4 Red8 31. Rd3 Be7 32. Ra3 d5 33. cxd5 Qxc1+ 34. Bxc1 Rxc1+ 35. Bf1 Nf6 36. dxe6 Rdd1 37.
Kg2 Rxf1 38. Ra7 Rg1+ 39. Kh3 Kf8 40. Qg5 fxe6 41. Qh6+ Kf7 42. Rxe7+ Kxe7 43. Qg7+ Kd6 44. Qxf6 Rc7 45.
b5 Rd7 46. Qf8+ Kc7 47. Qa8 Rgd1 48. Qc6+ Kd8 49. Qxe6 R1d6 50. Qe5 Kc8 51. f5 gxf5 52. Qxf5 Rd5 53. Qe6 R5d6 54. Qe4 Rd5 55.
f4 Kc7 56. Qa4 Kd6 57. Qa3+ Ke6 58. Qe3+ Kf5 59. Qxb6 R7d6 60. Qc7 Rh6 61. Kg2 Rd2+ 62. Kf3 Rd3+ 63. Ke2 Rdd6 64. Qc8+ Ke4 65.
Qc2+ Kd4 66. Kf3 Rb6 67. Qc7 Rbe6 68. h4 Kd3 69. h5 Kd2 70. Kg4 Rb6 71. Kg5 Ke3 72. g4 Kf3 73. Qc3+ Kg2 74.
Qd2+ Kg3 75. Qd3+ Kg2 76. Kh4 Rbd6 77. Qe2+ Kg1 78. Kg3 1-0

[Event "Kvibergspelen 2018"]
[Site "Prioritet Serneke Arena, Krutvagen 2, Gothenburg, Sweden"]
[Date "2018.04.22"]
[Round "7.2"]
[White "Ernst, Thomas"]
[Black "Pantzar, Milton"]
[Result "1/2-1/2"]
[TimeControl "15 minutes + 5 seconds per move from move one (Round 1 - 4) / 90 minutes + 30 seconds per move from move one (Round 5 - 8)"]
[WhiteTitle "GM"]
[BlackTitle "FM"]
[WhiteFideId "1700065"]
[BlackFideId "1721003"]
[WhiteElo "2366"]
[BlackElo "2295"]

1. e4 e5 2. Nf3 Nf6 3. Nxe5 d6 4. Nf3 Nxe4 5. d4 d5 6. Bd3 Bd6 7. O-O O-O 8. c4 c6 9. Qc2 Na6 10.
a3 Bg4 11. Ne5 Bxe5 12. dxe5 Nac5 13. f3 Nxd3 14. Qxd3 Nc5 15. Qd4 Nb3 16. Qxg4 Nxa1 17. Bh6 g6 18. Nc3 Qb6+ 19. Rf2 Rfe8 20.
Qf4 f5 21. cxd5 Rad8 22. e6 cxd5 23. Qe5 Rd7 24. Nxd5 Rxe6 25. Nf6+ Kf7 26. Nxd7 Rxe5 27. Nxb6 axb6 28. Rd2 Nb3 29.
Rd8 Re8 30. Rxe8 Kxe8 31. Kf2 Kd7 32. Ke3 Ke6 33. h4 Kd5 34. Kf4 Ke6 35. Bg7 h5 36. a4 Nc5 37. Bd4 Nd7 38. Kg5 Kf7 39.
b4 b5 40. axb5 Nf8 41. Kf4 Ke6 42. Bb2 Nd7 43. g4 fxg4 44. fxg4 hxg4 45. Kxg4 Nb6 46. Bd4 Nd7 47. Kg5 Kf7 48.
Kf4 Ke6 49. Ke4 Nf8 50. Bg7 Nd7 51. Kd4 Nb6 52. Bh6 Nd7 53. Bg5 Nb6 54. Bd8 Nd7 55. Ke4 Nf8 56. Kf4 Nh7 57. Bb6 Nf8 58.
Bc5 Nd7 59. Ke4 Nf6+ 60. Kf4 Nd7 1/2-1/2

[Event "Kvibergspelen 2018"]
[Site "Prioritet Serneke Arena, Krutvagen 2, Gothenburg, Sweden"]
[Date "2018.04.22"]
[Round "7.3"]
[White "Seo, Jung Min"]
[Black "Nilsson, Anders"]
[Result "1-0"]
[TimeControl "15 minutes + 5 seconds per move from move one (Round 1 - 4) / 90 minutes + 30 seconds per move from move one (Round 5 - 8)"]
[WhiteTitle "FM"]
[BlackTitle "CM"]
[WhiteFideId "1734687"]
[BlackFideId "1705423"]
[WhiteElo "2349"]
[BlackElo "2217"]

1. d4 e6 2. c4 Nf6 3. Nf3 Bb4+ 4. Nbd2 d5 5. e3 O-O 6. a3 Bxd2+ 7. Nxd2 Ne4 8. Bd3 f5 9. O-O Nd7 10.
f3 Ng5 11. f4 Ne4 12. Nxe4 fxe4 13. Be2 Nf6 14. Bd2 Bd7 15. Bb4 Rf7 16. Be1 a5 17. Bh4 a4 18. Kh1 b5 19. c5 Qb8 20.
Be1 Kh8 21. g4 Ng8 22. Rg1 Ne7 23. Bb4 Qb7 24. Rg3 Rg8 25. Qg1 g5 26. fxg5 Rxg5 27. Rf1 Rgg7 28. Rg2 Qb8 29. Rgf2 Qg8 30.
Rxf7 Rxf7 31. Be1 Be8 32. Bg3 Ng6 33. h4 h6 34. h5 Nf8 35. Rf4 Nh7 36. Qf1 c6 37. Kg2 Ng5 38. Rf6 Qf8 39.
Rxf7 Qxf7 40. Be5 Kg8 41. Qf4 Bd7 42. Kg3 Be8 43. Bf6 Nh7 44. Bh4 Kg7 45. Qxf7+ Kxf7 46. Kf4 Bd7 47. Ke5 Be8 48.
Bd1 Nf8 49. b3 b4 50. bxa4 bxa3 51. Bb3 Nd7+ 52. Kd6 Nb8 53. Kc7 Na6+ 54. Kb6 Nb4 55. a5 e5 56. Be1 1-0

[Event "Kvibergspelen 2018"]
[Site "Prioritet Serneke Arena, Krutvagen 2, Gothenburg, Sweden"]
[Date "2018.04.22"]
[Round "7.4"]
[White "Kucuksari, Kaan"]
[Black "Hillarp Persson, Tiger"]
[Result "1-0"]
[TimeControl "15 minutes + 5 seconds per move from move one (Round 1 - 4) / 90 minutes + 30 seconds per move from move one (Round 5 - 8)"]
[WhiteTitle "FM"]
[BlackTitle "GM"]
[WhiteFideId "6380166"]
[BlackFideId "1700812"]
[WhiteElo "2251"]
[BlackElo "2540"]

1. d4 d5 2. Nf3 Nf6 3. c4 c6 4.
Qc2 g6 5. Bf4 Bg7 6. e3 O-O 7. Nc3 c5 8. dxc5 Qa5 9. Rc1 Na6 10. a3 Bf5 11. Qa4 Qxa4 12. Nxa4 Bd7 13. Nc3 Nxc5 14.
cxd5 Rfc8 15. Ne5 Na4 16. Nxd7 Nxd7 17. Bb5 Ndb6 18. Bxa4 Nxa4 19. Kd2 Nxb2 20. Nb5 Rc4 21. Rxc4 Nxc4+ 22. Kd3 Nb2+ 23. Kd2 Nc4+ 24. Kd3 Nb2+ 25. Ke2 Rc8 26. Nxa7 Rc2+ 27. Kf3 Nd3 28. Bg3 f5 29. Rd1 Nc5 30.
h4 Ne4 31. Nb5 Be5 32. Nd4 Ra2 33. Ne2 Bxg3 34. fxg3 Rxa3 35. g4 Nd6 36. Rd4 b5 37. gxf5 Nxf5 38. Re4 Ra4 39. Nd4 Nxd4+ 40. exd4 Kf7 41. Ke3 Ra3+ 42. Kf4 Rd3 43. Ke5 b4 44. d6 exd6+ 45. Kxd6 b3 46. d5 Rg3 47. Re7+ Kf6 48. Re2 Kf5 49.
Ke7 Rc3 50. d6 Rc2 51. Rxc2 bxc2 52. d7 c1=Q 53. d8=Q Kg4 54. Kf7 Qh6 55. Qd1+ Kf5 56. Qd5+ Kf4 57. Qd2+ Ke4 1-0

[Event "Kvibergspelen 2018"]
[Site "Prioritet Serneke Arena, Krutvagen 2, Gothenburg, Sweden"]
[Date "2018.04.22"]
[Round "7.5"]
[White "Storme, Isak"]
[Black "Hector, Jonny"]
[Result "1/2-1/2"]
[TimeControl "15 minutes + 5 seconds per move from move one (Round 1 - 4) / 90 minutes + 30 seconds per move from move one (Round 5 - 8)"]
[WhiteTitle "CM"]
[BlackTitle "GM"]
[WhiteFideId "1728113"]
[BlackFideId "1700090"]
[WhiteElo "2323"]
[BlackElo "2502"]

1. e4 e5 2. Nf3 Nc6 3. Bb5 a6 4. Ba4 d6 5. O-O Bd7 6. c3 g5 7. d4 g4 8. Ne1 h5 9. f4 exf4 10.
Bxf4 Bh6 11. Nd3 Qe7 12. e5 Bxf4 13. Nxf4 dxe5 14. Nd5 Qd6 15. dxe5 Nxe5 16. Bxd7+ Nxd7 17. Qd4 Rh6 18. Na3 O-O-O 19. Nc4 Qc5 20. Rxf7 Rc6 21. b3 Qxd4+ 22. cxd4 Ndf6 23. Nxf6 Rxf6 24. Rf1 Rxf7 25. Rxf7 Rxd4 26. Ne5 b5 27.
Rf8+ Rd8 28. Rf5 Kb7 29. Rxh5 Rd5 30. Rh8 Nf6 31. Rf8 g3 32. hxg3 Ne4 33. Nf3 c5 34. g4 c4 35. bxc4 bxc4 36.
Rf4 c3 37. Rxe4 c2 38. Rb4+ Rb5 39. Rc4 Rb1+ 40. Kf2 c1=Q 41. Rxc1 Rxc1 42. g5 Rc2+ 43. Kg3 Rxa2 44. g6 Rc2 45.
Nd4 Rc8 46. Kf4 a5 47. Ke5 a4 48. Nb5 Kb6 49. Na3 Rc3 50. g7 Rg3 51. Kf6 Kc5 52. Kf7 Kb4 53. Nb1 Rxg2 54. g8=Q Rxg8 55.
Kxg8 Kb3 56. Kf7 Kb2 57. Nd2 Kc2 58. Nc4 Kc3 59. Na3 Kb4 60. Nb1 a3 1/2-1/2

[Event "Kvibergspelen 2018"]
[Site "Prioritet Serneke Arena, Krutvagen 2, Gothenburg, Sweden"]
[Date "2018.04.22"]
[Round "7.6"]
[White "Tikkanen, Hans"]
[Black "Al Hadarani, Hatim"]
[Result "1-0"]
[TimeControl "15 minutes + 5 seconds per move from move one (Round 1 - 4) / 90 minutes + 30 seconds per move from move one (Round 5 - 8)"]
[WhiteTitle "GM"]
[BlackTitle "FM"]
[WhiteFideId "1706446"]
[BlackFideId "9400273"]
[WhiteElo "2486"]
[BlackElo "2334"]

1. d4 Nf6 2. Nf3 c5 3. d5 e6 4. c4 b5 5. Bg5 h6 6. Bxf6 Qxf6 7. Nc3 b4 8. Nb5 Na6 9. e4 Be7 10.
d6 Bd8 11. e5 Qg6 12. Bd3 f5 13. exf6 Qxf6 14. Qe2 Bb7 15. Ne5 Nb8 16. Bg6+ Kf8 17. Be4 Bxe4 18. Qxe4 Kg8 19. O-O 1-0